 Dungeon Crawl Stone Soup version 0.30-a0-1074-g5db6f66fbb (webtiles) character file.

Game seed: 17464302911614358999

1377 IdlyInterested the Fighter (level 8, 0/71 HPs)
             Began as a Demonspawn Gladiator on Apr 13, 2023.
             Slain by a wraith (6 damage)
             ... on level 7 of the Dungeon.
             The game lasted 00:14:10 (5205 turns).

IdlyInterested the Fighter (Demonspawn Gladiator)   Turns: 5205, Time: 00:14:10

Health: 0/71       AC: 20    Str: 14    XL:     8   Next: 39%
Magic:  8/8        EV:  7    Int: 10    God:
Gold:   269        SH:  4    Dex: 17    Spells: 7/7 levels left

rFire   . . .      SeeInvis .    a - +0 rapier
rCold   + + +      Faith    .    g - +0 buckler
rNeg    . . .      Spirit   .    b - +0 chain mail
rPois   .          Reflect  .    y - +2 helmet
rElec   .          Rampage  +    (no cloak)
rCorr   .          NoCast   +    m - +0 pair of gloves of Xibber {-Cast Rampage rC+++ Regen+}
Will    .....                    (no boots) Stlth
                                 (no amulet)
HPRegen 1.11/turn                F - +4 ring of protection
MPRegen 0.11/turn                (no ring)

@: mighty, lethally poisoned (0 -> -15), slowed, very slow
A: molten scales 2, spiny 1, condensation shield
a: no special abilities


You were on level 7 of the Dungeon.
You visited 2 branches of the dungeon, and saw 8 of its levels.

You collected 269 gold pieces.

Inventory:

Hand Weapons
 a - a +0 rapier (weapon)
 q - a +0 morningstar
 r - a +3 flail
 t - a +0 rapier
Missiles
 d - 3 throwing nets
 e - a javelin
 f - 62 stones
 n - 6 poisoned darts (quivered)
Armour
 b - a +0 chain mail (worn)
 g - a +0 buckler (worn)
 m - the +0 pair of gloves of Xibber (worn) {-Cast Rampage rC+++ Regen+}
   (You found it on level 2 of the Dungeon)

   rC:        It renders you almost immune to cold.
   -Cast:     It prevents spellcasting.
   Regen:     It increases your rate of health regeneration.
   Rampage:   It bestows one free step when moving towards enemies.
 y - a +2 helmet (worn)
Magical Staves
 v - a staff of poison
Jewellery
 F - a +4 ring of protection (left hand)
Wands
 A - a wand of roots (14)
 D - a wand of digging (6)
Scrolls
 c - a scroll of magic mapping {unknown}
 h - a scroll of poison {unknown}
 j - a scroll of fear {unknown}
 p - a scroll of immolation {unknown}
 s - a scroll of amnesia {unknown}
 u - a scroll of teleportation {unknown}
 x - 2 scrolls of enchant weapon {unknown}
 C - a scroll of identify
Potions
 k - 2 potions of lignification
 l - a potion of berserk rage {unknown}
 o - a potion of cancellation {unknown}
 w - 3 potions of degeneration {unknown}
 B - a potion of heal wounds {unknown}
 E - a potion of mutation {unknown}


   Skills:
 * Level 9.1 Fighting
 - Level 3.0 Short Blades
 - Level 2.0 Throwing
 - Level 3.0 Armour
 - Level 3.0 Dodging
 + Level 2.0 Stealth
 - Level 2.0 Evocations


You had 7 spell levels left.
You didn't know any spells.
Your spell library contained the following spells:

 Spells                   Type           Power      Damage    Failure   Level
 Alistair's Intoxication  Tmut/Pois      0%         N/A       100%        5
 Borgnjor's Vile Clutch   Necr/Erth      0%         N/A       100%        5
 Eringya's Noxious Bog    Tmut/Pois      0%         N/A       100%        6


Dungeon Overview and Level Annotations

Branches:
Dungeon (7/15)             Temple (1/1) D:5

Altars:
Ashenzari
Cheibriados
Dithmenos
Fedhas
Hepliaklqana
Kikubaaqudgha
Makhleb
Nemelex Xobeh
Qazlal
Ru
Sif Muna
Trog
Uskayaw
Vehumet
Wu Jian
Xom
Yredelemnul

Shops:
D:6 ?


Innate Abilities, Weirdness & Mutations

You are mostly covered in molten scales. (AC +3)
You are partially covered in sharp spines.
A meltable shield of frost defends you. (SH +0)


Message History

The ice beast is struck by your spines.
The ice beast hits you but does no damage.
The gnoll sergeant completely misses you.
The black bear is struck by your spines.
The black bear barely misses you. The black bear closely misses you.
The black bear claws you but does no damage.
The wraith is struck by your spines. The wraith barely misses you.
You hit the ice beast.
The ice beast is severely wounded.
You feel very sick. You block the black bear's attack.
The black bear claws you but does no damage. x2
The wraith barely misses you.
The ice beast hits you but does no damage.
The orc warrior hits you but does no damage.
The gnoll sergeant hits you from afar with a +4 spear of venom.
* * * LOW HITPOINT WARNING * * *
You are more poisoned.
You feel extremely sick. The wraith barely misses you.
The black bear is struck by your spines.
The black bear bites you but does no damage.
The black bear claws you but does no damage.
The black bear claws you.
* * * LOW HITPOINT WARNING * * *
A sky beast comes into view.
The jelly is struck by your spines. The jelly hits you but does no damage.
The wraith is struck by your spines. The wraith closely misses you.
The ice beast barely misses you.
The gnoll sergeant hits you from afar with a +4 spear of venom.
* * * LOW HITPOINT WARNING * * *
You are lethally poisoned!
The black bear is struck by your spines.
The black bear bites you.
* * * LOW HITPOINT WARNING * * *
You block the black bear's attack. The black bear claws you.
* * * LOW HITPOINT WARNING * * *
Okay, then.
The wraith attacks as you move away! The wraith hits you.
You die...

.. ..###. g##
.. #.....## #..
... #.#....
...#... .....#
...Y..# #.#.#
.#....
#..o###...#
#WYg...#
#@h#.#.....
#......
#.#..##....####
#. ##.#.#


You could see a wraith, an orc warrior, a black bear, an ice beast, a sky beast
(wandering), a gnoll sergeant and a jelly.

Vanquished Creatures
  A steam dragon (D:7)
  A water moccasin (D:6)
  2 sky beasts (D:6)
  2 ice beasts
  2 phantoms
  A bullfrog (D:6)
  2 scorpions
  2 howler monkeys
  2 hounds
  An orc priest (D:5)
  3 iguanas
  2 orc wizards
  3 gnolls (D:4)
  2 adders
  A white imp (D:5)
  A worm (D:4)
  3 dart slugs
  14 orcs
  3 endoplasms
  3 giant cockroaches
  9 goblins
  8 hobgoblins
  2 jackals (D:1)
  7 quokkas
  9 ball pythons
  9 bats
  2 frilled lizards (D:2)
  4 kobolds
  3 rats
104 creatures vanquished.

Vanquished Creatures (others)
  5 fungi (D:6)
  A plant (D:1)
6 creatures vanquished.

Grand Total: 110 creatures vanquished

Notes
Turn   | Place    | Note
-------+----------+-------------------------------------------
     0 | D:1      | IdlyInterested the Demonspawn Gladiator began the quest for
                  | the Orb.
     0 | D:1      | Reached XP level 1. HP: 16/16 MP: 1/1
   137 | D:1      | Gained mutation: You are partially covered in molten
                  | scales. (AC +2) [demonic ancestry]
   137 | D:1      | Reached XP level 2. HP: 23/23 MP: 2/2
   264 | D:1      | Reached skill level 1 in Armour
   564 | D:1      | Reached skill level 3 in Fighting
   802 | D:1      | Reached XP level 3. HP: 29/29 MP: 3/3
  1418 | D:2      | Identified the +0 pair of gloves of Xibber {-Cast Rampage
                  | rC+++ Regen+}
  1491 | D:2      | Reached skill level 1 in Stealth
  1853 | D:3      | Gained mutation: You are partially covered in sharp spines.
                  | [demonic ancestry]
  1853 | D:3      | Reached XP level 4. HP: 37/37 MP: 4/4
  2318 | D:3      | Found a faded altar of an unknown god.
  2501 | D:4      | Noticed a scorpion
  2507 | D:4      | Reached skill level 4 in Fighting
  2516 | D:4      | Killed a scorpion
  2517 | D:4      | Reached skill level 1 in Evocations
  2517 | D:4      | Reached XP level 5. HP: 27/43 MP: 5/5
  2553 | D:4      | Reached skill level 5 in Fighting
  2614 | D:4      | Found a shimmering blue altar of Sif Muna.
  2985 | D:5      | Entered Level 5 of the Dungeon
  3058 | D:5      | Noticed a phantom
  3076 | D:5      | Gained mutation: A meltable shield of frost defends you.
                  | (SH +0) [demonic ancestry]
  3076 | D:5      | Reached XP level 6. HP: 7/52 MP: 6/6
  3087 | D:5      | Reached skill level 6 in Fighting
  3291 | D:5      | Found a staircase to the Ecumenical Temple.
  3297 | Temple   | Entered the Ecumenical Temple
  3636 | D:5      | Reached XP level 7. HP: 59/59 MP: 7/7
  4244 | D:6      | Reached skill level 7 in Fighting
  4560 | D:6      | Found Gahoh's Magic Scroll Boutique.
  4623 | D:6      | Reached skill level 8 in Fighting
  4629 | D:6      | Gained mutation: You are mostly covered in molten scales.
                  | (AC +3) [demonic ancestry]
  4629 | D:6      | Reached XP level 8. HP: 68/68 MP: 8/8
  5196 | D:7      | Reached skill level 9 in Fighting
  5205 | D:7      | Slain by a wraith

Illustrated notes

Levels and vault maps discovered:
D:1:      dpeg_arrival_rooms_c, layout_loops_ring, chequers_big_river,
          nicolae_titane
D:2:      layout_rooms, serial_glass, glass_columns_a, glass_columns_c,
          glass_columns_c, glass_columns_c, glass_columns_a, glass_columns_c,
          glass_columns_a, glass_columns_c, glass_columns_a, glass_columns_b,
          glass_columns_b, glass_columns_a, glass_columns_b, glass_columns_a
D:3:      layout_basic, basic_ecumenical_altar
D:4:      layout_basic, mainiacjoe_overflow_catwalk
D:5:      layout_loops_ring, minmay_temple_entry_enclosed_plants
D:6:      layout_loops_corners, serial_aquarium, aquarium_bridge_straight
          [aquarium_subvault_bridge, aquarium_subvault_balcony,
          aquarium_subvault_bridge, aquarium_subvault_wall], aquarium_window_1,
          aquarium_window_fake, aquarium_view_2e, aquarium_view_2e,
          aquarium_balcony_3a, serial_shops, nicolae_lakefront_shop
D:7:      minmay_the_grid_octo_triangle [minmay_the_grid_octo_shrine,
          minmay_the_grid_octo_prize_star, minmay_the_grid_octo_horde],
          layout_loops_ring, pdpol_temple_overflow_zin_treasury_gozag_greed,
          kennysheep_another_room, minmay_fractal_squares_5
Temple:   regret_index_temple_chain_breaker

Skill      XL: |  1  2  3  4  5  6  7  8 |
---------------+-------------------------+-----
Armour         | 1 2 3 |  3.0
Fighting       | 3 4 5 6 8 9 |  9.1
Stealth        | 1 2 |  2.0
Evocations     | 1 2 |  2.0
Throwing       | 2 |  2.0
Short Blades   | 3 |  3.0
Dodging        | 3 |  3.0

Action                     |  1- 3 |  4- 6 |  7- 9 || total
---------------------------+-------+-------+-------++-------
  Melee: Rapier            |   149 |   115 |   111 ||   375
  Throw: Dart              |       |     5 |       ||     5
    Use: Scroll            |     2 |       |       ||     2
         Potion            |       |     2 |     2 ||     4
   Stab: Sleeping          |     1 |       |       ||     1
 Armour: Leather armour    |    24 |       |       ||    24
         Scale mail        |    47 |    21 |       ||    68
         Chain mail        |       |    40 |    75 ||   115
  Dodge: Dodged            |    90 |    34 |    43 ||   167
  Block: Buckler           |    28 |    21 |    38 ||    87

Table legend: (Time is in decaauts)
 A = Elapsed time spent in this place.
 B = Non-inter-level travel time spent in this place.
 C = Inter-level travel time spent in this place.
 D = Time resting spent in this place.
 E = Time spent auto-exploring this place.
 F = Levels seen in this place.
 G = Mean time per level.
                   A        B        C        D        E       F      G
               +--------+--------+--------+--------+--------+-----+--------+
         Total |   5263 |   4597 |    666 |    166 |   3237 |   8 |  657.9 |
       Dungeon |   5128 |   4477 |    651 |    166 |   3135 |   7 |  732.6 |
        Temple |    134 |    119 |     15 |      0 |    102 |   1 |  134.0 |
               +--------+--------+--------+--------+--------+-----+--------+

Top non-repeatable levels by time:
     D:1: 1290 daAuts
     D:6: 1039 daAuts
     D:5: 911 daAuts
     D:3: 790 daAuts
     D:4: 570 daAuts
     D:2: 499 daAuts
  Temple: 134 daAuts
     D:7: 27 daAuts
